[Event "January 2 Early 2024"]
[Site "https://www.chess.com"]
[Date "2024.01.02"]
[Round "10"]
[White "Coro, Lucas"]
[Black "Weetik, Vjacheslav"]
[Result "1-0"]
[Board "50"]
[TimeControl "180+1"]
[WhiteFideId "147222"]
[BlackFideId "4153472"]
[WhiteElo "2536"]
[BlackElo "2671"]
[WhiteTeam "ARG"]
[BlackTeam "RUS"]
[WhiteClock "0:00:06"]
[BlackClock "0:00:08"]

1. e4 c6 2. d4 d5 3. e5 Bf5 4. h4 Qb6 5. h5 h6 6. g4 Bd7 7. f4 e6 8. Nf3 c5 9. c3 Nc6 10. a3 Rc8 11. b4 cxd4 12. cxd4 a5 13. b5 Na7 14. a4 Bb4+ 15. Kf2 f6 16. Bd3 Ne7 17. Kg3 O-O 18. Be3 Rc7 19. Ra2 Nac8 20. Rc2 Be8 21. Rhh2 Rxc2 22. Rxc2 Qd8 23. Bd2 f5 24. Bxb4 axb4 25. g5 Bxh5 26. Rh2 Bxf3 27. Qxf3 hxg5 28. fxg5 Ng6 29. Rh5 Qc7 30. Rh1 Nce7 31. Qf2 Rc8 32. Qd2 b3 33. Re1 Kf7 34. Qb4 Rh8 35. Qxb3 Rh5 36. Nd2 Rxg5+ 37. Kf2 Nf4 38. Nf3 Rg2+ 39. Kf1 Rg3 40. Kf2 Rg2+ 41. Kf1 Rg4 42. Bb1 Neg6 43. b6 Qe7 44. a5 Rg3 45. Qe3 Rh3 46. Qf2 Rh1+ 47. Ng1 Qg5 48. Re3 Rh8 49. Rg3 Qh4 50. Rf3 Ra8 51. Qxh4 Nxh4 52. Rxf4 g5 53. Rf2 Rxa5 54. Rb2 Ra6 55. Bd3 Ra1+ 56. Kf2 g4 57. Ne2 Ng6 58. Rc2 Ne7 59. Rc7 Ra2 60. Rxb7 f4 61. Rb8 f3 62. b7 Rb2 63. Ke3 fxe2 64. Bxe2 Nc6 65. Rc8 Rb3+ 66. Kf4 Nxd4 67. b8=Q Nxe2+ 68. Kxg4 Rxb8 69. Rxb8 Kg6 70. Kf3 Nd4+ 71. Kf4 Ne2+ 72. Ke3 Ng3 73. Rf8 Nf5+ 74. Kd3 Kg7 75. Rf6 Ne7 76. Rxe6 Kf7 77. Rf6+ Kg7 78. Kd4 Kg8 79. Kc5 Kg7 80. Kd6 Ng8 81. Rf3 d4 82. e6 Nh6 83. e7 Nf7+ 84. Kd7 Ne5+ 85. Kc8 Nxf3 86. e8=Q Ng5 87. Qe5+ Kg6 88. Qxd4 Kf5 89. Qb6 Ne4 90. Kb7 Ke5 91. Qb1 Nd6+ 92. Kc6 Nf5 93. Qe1+ Kd4 94. Qf2+ Ke4 95. Kc5 Ke5 96. Qe2+ Kf4 97. Kd5 Ne3+ 98. Kd4 Nf5+ 99. Kd3 Ng3 100. Qf2+ Kg4 101. Ke3 Nf5+ 102. Ke4 Ng3+ 103. Ke5 Nh5 104. Qg2+ Ng3 105. Kf6 Kf4 106. Qf2+ Kg4 107. Kg6 Ne4 108. Qe3 Ng3 109. Kf6 Nh5+ 110. Ke5 Ng3 111. Qf4+ Kh3 112. Qf3 Kh4 113. Kf4 Nh5+ 114. Kf5 Ng3+ 115. Kg6 Kh3 116. Kg5 Kh2 117. Kg4 Nh1 118. Qe2+ Kg1 119. Kh3 Nf2+ 120. Kg3 Nh1+ 121. Kf3 Nf2 122. Qxf2+ Kh1 123. Qg2# 1-0

[Event "January 2 Early 2024"]
[Site "https://www.chess.com"]
[Date "2024.01.02"]
[Round "10"]
[White "Hansen, Sune Berg"]
[Black "Parfenov, Viktor N."]
[Result "0-1"]
[Board "51"]
[TimeControl "180+1"]
[WhiteFideId "1400266"]
[BlackFideId "4165969"]
[WhiteElo "2667"]
[BlackElo "2554"]
[WhiteTeam "DEN"]
[BlackTeam "RUS"]
[WhiteClock "0:00:00"]
[BlackClock "0:00:09"]

1. e4 e5 2. Nf3 Nc6 3. Bc4 Nf6 4. d3 Bc5 5. O-O O-O 6. h3 h6 7. Re1 Re8 8. Nbd2 a6 9. a4 d6 10. c3 Ba7 11. b4 Be6 12. Bxe6 Rxe6 13. Qc2 Qd7 14. Bb2 Ne7 15. c4 Ng6 16. d4 exd4 17. Nxd4 Bxd4 18. Bxd4 Rae8 19. f3 Nf4 20. Nf1 N6h5 21. Kh2 Rg6 22. g4 Nf6 23. Ng3 h5 24. Qd2 Nxh3 25. Bxf6 Rxf6 26. Nf5 hxg4 27. fxg4 g6 28. Qh6 gxf5 29. Qxf6 fxg4 30. Ra3 Re6 31. Qf5 Kf8 32. Rg3 Qe7 33. Qxg4 Qf6 34. Kxh3 Qh6+ 35. Qh4 Qd2 36. Ree3 Qe1 37. Ref3 Qh1+ 38. Kg4 Rg6+ 39. Kf5 Qxh4 0-1

[Event "January 2 Early 2024"]
[Site "https://www.chess.com"]
[Date "2024.01.02"]
[Round "10"]
[White "Tiarks, Jann-Christian"]
[Black "Cordoba Roa, Angel Gabriel"]
[Result "1/2-1/2"]
[Board "52"]
[TimeControl "180+1"]
[WhiteFideId "12951595"]
[BlackFideId "3957624"]
[WhiteElo "2478"]
[BlackElo "2663"]
[WhiteTeam "GER"]
[BlackTeam "COL"]
[WhiteClock "0:01:41"]
[BlackClock "0:01:45"]

1. e4 e5 2. Nf3 Nc6 3. Nc3 Nf6 4. d4 exd4 5. Nxd4 Bb4 6. Nxc6 bxc6 7. Bd3 d5 8. exd5 O-O 9. O-O cxd5 10. h3 Be6 11. Qf3 c5 12. Bf4 c4 13. Be2 Bd6 14. Rad1 Bxf4 15. Qxf4 Qb8 16. Qxb8 Raxb8 17. b3 cxb3 18. cxb3 Rfc8 19. Rc1 Ne4 20. Nb5 a6 21. Nd4 a5 22. Nc6 Rxc6 23. Rxc6 d4 24. Bd3 Nc3 25. Bc4 Nxa2 26. Rd1 Bxc4 27. Rxc4 Nc3 28. Rdxd4 Ne2+ 29. Kf1 Nxd4 30. Rxd4 g6 31. Ra4 Rxb3 32. Rxa5 Rb2 33. g3 h5 34. h4 Kg7 35. Kg2 Kf6 1/2-1/2

[Event "January 2 Early 2024"]
[Site "https://www.chess.com"]
[Date "2024.01.02"]
[Round "10"]
[White "Injac, Teodora"]
[Black "Adelman, Charles"]
[Result "1-0"]
[Board "53"]
[TimeControl "180+1"]
[WhiteFideId "932400"]
[BlackFideId "2003597"]
[WhiteElo "2663"]
[BlackElo "2273"]
[WhiteTeam "SRB"]
[BlackTeam "USA"]
[WhiteClock "0:01:37"]
[BlackClock "0:01:55"]

1. d4 Nf6 2. Nf3 c5 3. d5 d6 4. Nc3 g6 5. e4 a6 6. a4 Bg4 7. h3 Bxf3 8. Qxf3 Bg7 9. Be2 O-O 10. O-O Nbd7 11. Qg3 Ne8 12. Qh4 Rb8 13. Bg5 Bf6 14. f4 Bxg5 15. Qxg5 e5 16. dxe6 fxe6 17. Qg4 Qf6 18. Rad1 Qf7 19. Bc4 Ndf6 20. Qxe6 Qxe6 21. Bxe6+ Kg7 22. e5 dxe5 23. fxe5 Nh5 24. Rd7+ 1-0

[Event "January 2 Early 2024"]
[Site "https://www.chess.com"]
[Date "2024.01.02"]
[Round "10"]
[White "Aaditya Dhingra"]
[Black "Kamsky, Gata"]
[Result "0-1"]
[Board "54"]
[TimeControl "180+1"]
[WhiteFideId "25678191"]
[BlackFideId "2000024"]
[WhiteElo "2604"]
[BlackElo "2949"]
[WhiteTeam "IND"]
[BlackTeam "USA"]
[WhiteClock "0:00:05"]
[BlackClock "0:01:25"]

1. Nf3 d5 2. c4 c6 3. g3 Nf6 4. Bg2 g6 5. b3 Bg7 6. Bb2 O-O 7. O-O e6 8. d3 b6 9. Nc3 Bb7 10. e3 Nbd7 11. Rc1 c5 12. Qe2 Qe7 13. Rfd1 Rfd8 14. cxd5 Nxd5 15. Nxd5 Bxd5 16. Bxg7 Kxg7 17. d4 Rac8 18. dxc5 Nxc5 19. Nd4 Bxg2 20. Kxg2 e5 21. Nb5 e4 22. b4 Nd3 23. Rxc8 Rxc8 24. a3 h5 25. h4 a6 26. Nd4 Rc3 27. Ra1 Qc7 28. Qd2 Qc4 29. Qa2 Qxa2 30. Rxa2 Rc1 31. f3 Kf6 32. fxe4 Ke5 33. Nf3+ Kxe4 34. Ng5+ Kxe3 35. Nxf7 Ne1+ 36. Kh3 Nf3 0-1

[Event "January 2 Early 2024"]
[Site "https://www.chess.com"]
[Date "2024.01.02"]
[Round "10"]
[White "Shubenkova, Veronika"]
[Black "Narayanan, Srinath"]
[Result "0-1"]
[Board "55"]
[TimeControl "180+1"]
[WhiteFideId "44124040"]
[BlackFideId "5018420"]
[WhiteElo "2599"]
[BlackElo "2820"]
[WhiteTeam "RUS"]
[BlackTeam "IND"]
[WhiteClock "0:00:00"]
[BlackClock "0:00:08"]

1. d4 f5 2. e3 Nf6 3. f4 g6 4. Nf3 Bg7 5. c3 d6 6. Bd3 Nbd7 7. Ng5 Nf8 8. O-O h6 9. Nf3 N8d7 10. Qb3 Nf8 11. Nbd2 Be6 12. c4 d5 13. Qxb7 N8d7 14. Qa6 Bf7 15. Ne5 Nxe5 16. fxe5 Ne4 17. Nxe4 dxe4 18. Bc2 O-O 19. Bb3 Kh7 20. Qa5 Be8 21. Bd2 e6 22. Bb4 Rf7 23. Rad1 Rb8 24. Bc3 Rd7 25. d5 Bf7 26. Qxa7 c6 27. Qc5 cxd5 28. cxd5 exd5 29. Rd2 Be6 30. Rfd1 Rc8 31. Qa3 Bf8 32. Bb4 Ra8 33. Ba4 Rda7 34. Bxf8 Rxa4 35. Qd6 Qxd6 36. Bxd6 Rxa2 37. b4 Rxd2 38. Rxd2 f4 39. exf4 e3 40. Rd1 d4 41. Bc5 e2 42. Re1 d3 43. Be3 Ra2 44. Kf2 Bc4 45. Rc1 Bb5 46. Ke1 Kg8 47. Bd2 Kf7 48. Be3 Ke6 49. Bd2 Kf5 50. Rc5 Bd7 51. Rd5 Ra1+ 52. Kf2 Rf1+ 53. Ke3 e1=Q+ 54. Bxe1 Rxe1+ 55. Kd2 Be6 56. Rxd3 Rg1 57. Kc3 Rxg2 58. Kd4 Kxf4 59. Kc5 Kxe5 60. Re3+ Kf6 61. b5 Rc2+ 62. Kd6 Bf5 63. b6 Rd2+ 64. Kc7 Rc2+ 65. Kb8 Bc8 66. Rd3 Ba6 67. Rd6+ Kf5 68. Rd5+ Kf6 69. Ra5 Bc8 70. Rd5 Be6 71. Rd6 Ke7 72. Rd4 Rb2 73. b7 Bh3 74. Rd3 Bg2 75. Re3+ Kf6 76. Kc8 Bxb7+ 77. Kd8 Bg2 78. h4 Bd5 79. Rg3 Bf7 80. Kc7 Kg7 81. Kd6 Re2 82. Kd7 Re6 83. Kd8 Rf6 84. Ke7 Rf5 85. h5 Rxh5 0-1

[Event "January 2 Early 2024"]
[Site "https://www.chess.com"]
[Date "2024.01.02"]
[Round "10"]
[White "Chitre Arush"]
[Black "Boruchovsky, Avital"]
[Result "1/2-1/2"]
[Board "56"]
[TimeControl "180+1"]
[WhiteFideId "25959026"]
[BlackFideId "2800055"]
[WhiteElo "2595"]
[BlackElo "2813"]
[WhiteTeam "IND"]
[BlackTeam "ISR"]
[WhiteClock "0:00:05"]
[BlackClock "0:00:06"]

1. d4 Nf6 2. Bf4 g6 3. Nc3 d5 4. e3 Bg7 5. h4 a6 6. Qd2 b5 7. Be2 h5 8. Nf3 Bb7 9. Ne5 Nbd7 10. Bf3 Nb6 11. a4 b4 12. Ne2 a5 13. b3 O-O 14. O-O Ne4 15. Bxe4 dxe4 16. Ng3 c5 17. Rad1 cxd4 18. exd4 Rc8 19. Rfe1 Nd5 20. Nxe4 Nxf4 21. Qxf4 Rxc2 22. Nc5 Qd5 23. Nxb7 Qxb7 24. Nc4 Ra8 25. Qg5 Bf6 26. Qf4 Rc3 27. Re3 Qd5 28. Rxc3 bxc3 29. Qe3 c2 30. Rc1 Bxd4 31. Qd2 Rb8 32. Qxc2 e5 33. Rd1 Qd8 34. Nxe5 Qxh4 35. Nf3 Bxf2+ 36. Qxf2 Qxf2+ 37. Kxf2 Rxb3 38. Rd5 Rb2+ 39. Kg3 f6 40. Rxa5 Kg7 41. Ra7+ Kh6 42. Ra6 Ra2 43. a5 Kg7 44. Ra7+ Kh6 45. a6 g5 46. Ra8 h4+ 47. Kh2 Kh5 48. Nd4 Kg4 49. Kg1 f5 50. a7 f4 51. Kf1 Kg3 52. Nf5+ Kh2 53. Nxh4 gxh4 54. Rh8 Rxa7 55. Rxh4+ Kg3 56. Rh3+ Kg4 57. Rf3 Ra1+ 58. Kf2 Rh1 59. Rd3 Ra1 60. Rf3 Rd1 61. Rb3 Ra1 62. Rf3 1/2-1/2

[Event "January 2 Early 2024"]
[Site "https://www.chess.com"]
[Date "2024.01.02"]
[Round "10"]
[White "Aggelis, Nikolaos"]
[Black "Haug, Havard"]
[Result "0-1"]
[Board "57"]
[TimeControl "180+1"]
[WhiteFideId "4213220"]
[BlackFideId "1547887"]
[WhiteElo "2576"]
[BlackElo "2765"]
[WhiteTeam "GRE"]
[BlackTeam "NOR"]
[WhiteClock "0:00:26"]
[BlackClock "0:01:25"]

1. c4 b6 2. b3 Bb7 3. Bb2 Nf6 4. Nf3 g6 5. g3 Bg7 6. Bg2 O-O 7. O-O d6 8. d4 Nbd7 9. Nbd2 Ne4 10. Ng5 Nxd2 11. Bxb7 Nxf1 12. Bxa8 Ne3 13. Qd3 Qxa8 14. Qxe3 e6 15. Qf3 c5 16. Qxa8 Rxa8 17. Rd1 a5 18. Ne4 d5 19. cxd5 exd5 20. Nd6 a4 21. dxc5 Bxb2 22. c6 Be5 23. Rxd5 Bxd6 24. Rxd6 Nf8 25. b4 b5 26. Rd5 Rc8 27. Rxb5 Rxc6 28. Ra5 Rc2 29. Rxa4 Rxe2 30. Kf1 Rb2 31. a3 Ne6 32. Ra8+ Kg7 33. h4 Rb3 34. Ke2 Nd4+ 35. Kd2 Kf6 36. Ra6+ Ke5 37. Ra7 f5 38. h5 gxh5 39. Rxh7 Rxa3 40. Rxh5 Ke4 41. Rh4+ Kd5 42. Rh5 Kc4 43. b5 Ra2+ 44. Ke3 Re2+ 45. Kf4 Rxf2+ 46. Ke5 Rb2 47. Rh4 Rxb5+ 48. Kf6 Rd5 49. g4 f4 50. g5 f3 51. Rf4 Rf5+ 52. Rxf5 Nxf5 53. Kxf5 f2 54. g6 f1=Q+ 55. Kg5 Qf8 56. Kh5 Qg8 57. Kg5 Kc3 58. Kf6 Kc2 59. g7 Kc1 60. Kg6 Kb1 61. Kf6 Ka1 62. Kg6 Ka2 63. Kf6 Ka3 64. Kg6 Ka4 65. Kf6 Ka5 66. Kg6 Ka6 67. Kf6 Ka7 68. Kg6 Ka8 69. Kf6 Kb8 70. Kg6 Kc8 71. Kf6 Kd8 72. Kg6 Ke7 73. Kh6 Kf7 74. Kh5 Qxg7 0-1

[Event "January 2 Early 2024"]
[Site "https://www.chess.com"]
[Date "2024.01.02"]
[Round "10"]
[White "Ginzburg, Yakov"]
[Black "Korchmar, Vasiliy"]
[Result "0-1"]
[Board "58"]
[TimeControl "180+1"]
[WhiteFideId "4157176"]
[BlackFideId "24131750"]
[WhiteElo "2562"]
[BlackElo "2743"]
[WhiteTeam "RUS"]
[BlackTeam "RUS"]
[WhiteClock "0:00:00"]
[BlackClock "0:00:04"]

1. d4 Nf6 2. c4 g6 3. Nc3 d5 4. cxd5 Nxd5 5. e4 Nxc3 6. bxc3 Bg7 7. Nf3 O-O 8. Rb1 c5 9. Be2 b6 10. O-O Bb7 11. Qd3 e6 12. Bf4 Qe7 13. d5 Nd7 14. c4 e5 15. Bd2 Nf6 16. Bc3 Ne8 17. Nd2 Nd6 18. Qe3 Ba6 19. g3 Rae8 20. Bd3 f5 21. exf5 gxf5 22. f4 e4 23. Bxg7 Qxg7 24. Be2 Qd4 25. Kf2 Re7 26. Rbc1 h5 27. Nb3 Qb2 28. Qc3 Qxc3 29. Rxc3 Kg7 30. h4 Kh6 31. Ke3 Rg8 32. Rg1 Reg7 33. Kf2 e3+ 34. Rxe3 Ne4+ 35. Rxe4 fxe4 36. Nd2 Re7 37. Ke3 Bc8 38. Nf1 Bf5 0-1

[Event "January 2 Early 2024"]
[Site "https://www.chess.com"]
[Date "2024.01.02"]
[Round "10"]
[White "Bardyk, Artem"]
[Black "Lund, Gunnar"]
[Result "1/2-1/2"]
[Board "59"]
[TimeControl "180+1"]
[WhiteFideId "34349979"]
[BlackFideId "1520814"]
[WhiteElo "2725"]
[BlackElo "2565"]
[WhiteTeam "RUS"]
[BlackTeam "NOR"]
[WhiteClock "0:00:04"]
[BlackClock "0:00:08"]

1. e4 e6 2. d4 d5 3. Nc3 Nf6 4. Bg5 Bb4 5. e5 h6 6. Bd2 Bxc3 7. Bxc3 Ne4 8. Bd2 c5 9. Be3 cxd4 10. Bxd4 Nc6 11. f3 Qh4+ 12. g3 Nxg3 13. Bf2 Qb4+ 14. c3 Qxb2 15. Bxg3 Qxc3+ 16. Kf2 h5 17. h4 Bd7 18. Rc1 Qb2+ 19. Qc2 Qb6+ 20. Qc5 Qb2+ 21. Rc2 Qa1 22. Nh3 Nxe5 23. Nf4 Nc6 24. Re2 Qd4+ 25. Qxd4 Nxd4 26. Re5 Nc6 27. Rxh5 Ke7 28. Rxh8 Rxh8 29. Bb5 Nd4 30. Bd3 Bb5 31. Bxb5 Nxb5 32. Rb1 Nd6 33. Nd3 b6 34. Ne5 Rc8 35. Rb2 Nf5 36. Bf4 Rc3 37. Bd2 Rc8 38. a4 f6 39. Ng6+ Kf7 40. Nf4 Nd6 41. a5 Nc4 42. Rc2 bxa5 43. Bxa5 Rh8 44. h5 e5 45. Nxd5 Nxa5 46. Rc5 Nb3 47. Rc7+ Ke6 48. Ne3 Rxh5 49. Rxg7 a5 50. Ra7 Rh2+ 51. Kg3 Ra2 52. Ng4 f5 53. Ra6+ Kd5 54. Nf6+ Kd4 55. Nd7 Nc5 56. Rd6+ Kc4 57. Rc6 Kd5 58. Rxc5+ Kd6 59. Rxe5 Kxd7 60. Rxf5 Kc6 61. Rf8 a4 62. Ra8 Kb7 63. Ra5 Kb6 64. Ra8 Kb7 65. Ra5 Kb6 66. Ra8 Kb7 1/2-1/2

[Event "January 2 Early 2024"]
[Site "https://www.chess.com"]
[Date "2024.01.02"]
[Round "10"]
[White "Womacka, Mathias"]
[Black "Liyanage, Ranindu Dilshan"]
[Result "0-1"]
[Board "60"]
[TimeControl "180+1"]
[WhiteFideId "4611390"]
[BlackFideId "9915834"]
[WhiteElo "2555"]
[BlackElo "2708"]
[WhiteTeam "GER"]
[BlackTeam "SRI"]
[WhiteClock "0:00:16"]
[BlackClock "0:00:33"]

1. e4 c5 2. Nf3 Nc6 3. d4 cxd4 4. Nxd4 e5 5. Nb5 d6 6. c4 g6 7. N1c3 a6 8. Na3 Bg7 9. Be2 Nge7 10. O-O O-O 11. Nc2 h6 12. Ne3 Nd4 13. Ned5 Nec6 14. b4 Be6 15. Be3 Rc8 16. Qd2 Kh7 17. b5 axb5 18. cxb5 Na5 19. Rac1 Nc4 20. Bxc4 Rxc4 21. Qd3 Qc8 22. Rfe1 Qc5 23. Ne2 Rc8 24. Rxc4 Qxc4 25. Qxc4 Rxc4 26. Nxd4 exd4 27. Bf4 g5 28. Be5 Bxe5 0-1

[Event "January 2 Early 2024"]
[Site "https://www.chess.com"]
[Date "2024.01.02"]
[Round "10"]
[White "Tasev, Dejan"]
[Black "Sharapov, Evgeny"]
[Result "1-0"]
[Board "61"]
[TimeControl "180+1"]
[WhiteFideId "936618"]
[BlackFideId "14103133"]
[WhiteElo "2701"]
[BlackElo "2554"]
[WhiteTeam "SRB"]
[BlackTeam "UKR"]
[WhiteClock "0:00:25"]
[BlackClock "0:01:39"]

1. e4 c5 2. Nf3 d6 3. Nc3 e5 4. Bc4 Be7 5. d3 Nf6 6. Nd2 O-O 7. Nf1 Bd7 8. Ne3 Bc6 9. O-O Nbd7 10. f4 Nb6 11. b3 d5 12. exd5 Nfxd5 13. Ncxd5 Nxd5 14. Nxd5 Bxd5 15. fxe5 Bc6 16. d4 cxd4 17. Qg4 Kh8 18. Bd3 Qd5 19. Qh3 g6 20. Bh6 Qxe5 21. Rae1 Qd6 22. Bf4 Qd8 23. Be5+ Kg8 24. Qh6 f6 25. Bxg6 hxg6 26. Qxg6+ Kh8 27. Rf5 1-0

[Event "January 2 Early 2024"]
[Site "https://www.chess.com"]
[Date "2024.01.02"]
[Round "10"]
[White "Rakitin, Daniil"]
[Black "Petukhov, Dmitry"]
[Result "1-0"]
[Board "62"]
[TimeControl "180+1"]
[WhiteFideId "24219762"]
[BlackFideId "4142748"]
[WhiteElo "2700"]
[BlackElo "2531"]
[WhiteTeam "RUS"]
[BlackTeam "RUS"]
[WhiteClock "0:00:07"]
[BlackClock "0:00:00"]

1. e4 c5 2. Nf3 d6 3. d4 cxd4 4. Nxd4 Nf6 5. Nc3 Nc6 6. Be2 e5 7. Nb3 Be6 8. g4 d5 9. exd5 Nxd5 10. Ne4 Be7 11. c3 O-O 12. Nec5 Qb6 13. Nxe6 fxe6 14. O-O Bh4 15. Bf3 Rad8 16. Qe2 Nf4 17. Qc4 Bxf2+ 18. Kh1 Kh8 19. Qe4 h6 20. Bd2 Rf6 21. Rad1 Rdf8 22. Bc1 Nh3 23. Bg2 Ng5 24. Qe2 Qc7 25. Be3 Bxe3 26. Qxe3 e4 27. Rxf6 Rxf6 28. Rf1 Qe5 29. Rxf6 Qxf6 30. Nd2 Ne5 31. h3 Ngf3 32. Nxe4 Qf7 33. Bxf3 Nxf3 34. Kg2 Nh4+ 35. Kg3 Ng6 36. Kg2 Qc7 37. Qf2 Qe5 38. Qd4 Nh4+ 39. Kf2 Qf4+ 40. Ke2 Kh7 41. Qe3 Qh2+ 42. Kd3 Ng2 43. Qf2 Nf4+ 44. Ke3 Qxf2+ 45. Nxf2 e5 46. Ke4 Ng6 47. c4 Kg8 48. h4 Kf7 49. h5 Nf4 50. Kxe5 Ne2 51. Ne4 Nc1 52. Nd6+ Ke7 53. Nxb7 Nd3+ 54. Kd4 Nxb2 55. c5 Kd7 56. Nd6 Nd1 57. Ke5 Ne3 58. Kf4 Nd5+ 59. Kg3 Kc6 60. Nf5 Kxc5 61. Nxg7 Nb4 62. Nf5 Nxa2 63. Nxh6 Nc3 64. Nf7 Ne4+ 65. Kf4 Nf6 66. h6 a5 67. g5 1-0

[Event "January 2 Early 2024"]
[Site "https://www.chess.com"]
[Date "2024.01.02"]
[Round "10"]
[White "Pinero Rodriguez, Carlos Jose"]
[Black "Agibileg, Uurtsaikh"]
[Result "1-0"]
[Board "63"]
[TimeControl "180+1"]
[WhiteFideId "3901726"]
[BlackFideId "4901606"]
[WhiteElo "2529"]
[BlackElo "2678"]
[WhiteTeam "VEN"]
[BlackTeam "MGL"]
[WhiteClock "0:00:11"]
[BlackClock "0:01:13"]

1. e4 e5 2. Nf3 Nc6 3. Bb5 a6 4. Ba4 Nf6 5. d3 b5 6. Bb3 Be7 7. O-O O-O 8. h3 d6 9. c3 Na5 10. Bc2 c5 11. Nbd2 Bb7 12. Re1 Re8 13. Nf1 Bf8 14. Ng3 g6 15. d4 exd4 16. cxd4 Bg7 17. b3 Rc8 18. Bb2 Nd7 19. Rc1 h6 20. Bb1 Nc6 21. Qd2 cxd4 22. Nxd4 Nxd4 23. Bxd4 Qg5 24. Qxg5 hxg5 25. Bxg7 Kxg7 26. Red1 Rxc1 27. Rxc1 Nc5 28. f3 Kf6 29. Nf1 Ke5 30. Ne3 Kd4 31. Kf2 Rc8 32. Rd1+ Ke5 33. Ke2 Ke6 34. Bd3 Ke7 35. Kd2 Ne6 36. Rc1 Rxc1 37. Kxc1 Nf4 38. Kd2 d5 39. exd5 Nxd5 40. Nxd5+ Bxd5 41. Ke3 Kd6 42. Kd4 Be6 43. Be4 b4 44. Bd3 a5 45. Bc4 Bf5 46. Bxf7 Bb1 47. Kc4 Ke5 48. Kb5 Kf4 49. Kxa5 Kg3 50. Kxb4 Bxa2 51. Bxg6 Kxg2 52. Ka3 Bxb3 53. Kxb3 Kxh3 54. Bf5+ Kg3 55. Bg4 Kh4 56. Kc3 Kg3 57. Kd4 Kh4 58. Ke5 Kg3 59. Kf5 Kh4 60. Kg6 Kg3 61. Kxg5 1-0

[Event "January 2 Early 2024"]
[Site "https://www.chess.com"]
[Date "2024.01.02"]
[Round "10"]
[White "Arslanov, Shamil"]
[Black "Rietze, Clemens, Dr."]
[Result "1-0"]
[Board "64"]
[TimeControl "180+1"]
[WhiteFideId "4192826"]
[BlackFideId "24620351"]
[WhiteElo "2668"]
[BlackElo "2522"]
[WhiteTeam "RUS"]
[BlackTeam "GER"]
[WhiteClock "0:00:03"]
[BlackClock "0:00:00"]

1. d4 Nf6 2. f3 d5 3. e4 dxe4 4. Nc3 Bf5 5. fxe4 Nxe4 6. Qf3 Nd6 7. Bf4 e6 8. O-O-O c6 9. g4 Bg6 10. Qe3 Be7 11. Nf3 Nd7 12. h4 h5 13. Ne5 Bh7 14. g5 Bf5 15. g6 fxg6 16. Bg2 Nf6 17. Bg5 Qa5 18. Bh3 O-O-O 19. Nxg6 Bxg6 20. Qxe6+ Kb8 21. Qxe7 Nc4 22. Bf1 Nb6 23. Qxg7 Be4 24. Qxf6 Bxh1 25. Qf4+ Ka8 26. Bxd8 Rxd8 27. Bd3 Bd5 28. Qg5 Rc8 29. Qxh5 Qb4 30. a3 Qxd4 31. Qg5 1-0

[Event "January 2 Early 2024"]
[Site "https://www.chess.com"]
[Date "2024.01.02"]
[Round "10"]
[White "Weisz, Bryan"]
[Black "Gritsenko, Nikolai"]
[Result "0-1"]
[Board "65"]
[TimeControl "180+1"]
[WhiteFideId "30934133"]
[BlackFideId "14112493"]
[WhiteElo "2521"]
[BlackElo "2668"]
[WhiteTeam "USA"]
[BlackTeam "UKR"]
[WhiteClock "0:00:09"]
[BlackClock "0:00:13"]

1. e4 f6 2. d4 c6 3. Nf3 Na6 4. Nc3 g6 5. e5 Nc7 6. h4 d5 7. h5 g5 8. Bd3 Bg4 9. Be3 Qd7 10. Qd2 O-O-O 11. Na4 b6 12. c4 dxc4 13. Bxc4 c5 14. Qc2 Bxf3 15. gxf3 cxd4 16. Rd1 fxe5 17. Bxg5 Nf6 18. Qb3 Qd6 19. Nc3 Kb8 20. Nb5 Nxb5 21. Bxb5 Nd7 22. f4 e4 23. Qa4 Nc5 24. Qc4 Bg7 25. O-O Bf6 26. b4 Nd3 27. Rxd3 exd3 28. Qxd3 Rhg8 29. Kh1 Bxg5 30. fxg5 Rxg5 31. Qf3 Rdg8 32. Ba6 Qd5 33. Qxd5 Rxd5 34. Be2 d3 35. Bf3 Rf5 36. Bd1 Rf4 37. Re1 Rh4# 0-1

[Event "January 2 Early 2024"]
[Site "https://www.chess.com"]
[Date "2024.01.02"]
[Round "10"]
[White "Goncalves, Davi Sulzbacher"]
[Black "Koshulyan, Egor A."]
[Result "0-1"]
[Board "66"]
[TimeControl "180+1"]
[WhiteFideId "2154510"]
[BlackFideId "24237000"]
[WhiteElo "2519"]
[BlackElo "2665"]
[WhiteTeam "BRA"]
[BlackTeam "RUS"]
[WhiteClock "0:00:04"]
[BlackClock "0:00:49"]

1. d4 Nf6 2. c4 e5 3. dxe5 Ng4 4. Nf3 Bc5 5. e3 Nc6 6. Be2 O-O 7. O-O Re8 8. a3 a5 9. b3 Ngxe5 10. Nxe5 Nxe5 11. Bb2 Ra6 12. Nc3 Rh6 13. g3 d6 14. Nd5 Bh3 15. Re1 Qd7 16. b4 Ba7 17. f4 Bg2 18. g4 Bxd5 19. cxd5 Bxe3+ 20. Kg2 Bxf4 21. h3 Ng6 22. Bd3 Nh4+ 23. Kf2 Be5 24. Re4 Bxb2 25. Qe2 0-1

[Event "January 2 Early 2024"]
[Site "https://www.chess.com"]
[Date "2024.01.02"]
[Round "10"]
[White "Vlassov, Nikolai"]
[Black "Beydullayeva, Govhar"]
[Result "1-0"]
[Board "67"]
[TimeControl "180+1"]
[WhiteFideId "4103360"]
[BlackFideId "13413015"]
[WhiteElo "2662"]
[BlackElo "2515"]
[WhiteTeam "FID"]
[BlackTeam "AZE"]
[WhiteClock "0:01:29"]
[BlackClock "0:01:25"]

1. e4 c5 2. c3 Nf6 3. e5 Nd5 4. d4 cxd4 5. cxd4 d6 6. Bc4 dxe5 7. dxe5 e6 8. Nc3 Nxc3 9. Qxd8+ Kxd8 10. bxc3 Kc7 11. Be3 Nc6 12. f4 b6 13. Nf3 h6 14. Ke2 Bb7 15. Rhd1 Ba3 16. Nd4 Nxd4+ 17. cxd4 Bxg2 18. Rg1 Be4 19. Rxg7 Bg6 20. Bxe6 Bf8 21. Rxf7+ Bxf7 22. Bxf7 Kd7 23. f5 Ke7 24. Bd5 Rd8 25. f6+ Kd7 26. Rc1 Bb4 27. e6+ Kd6 28. Bb3 1-0

[Event "January 2 Early 2024"]
[Site "https://www.chess.com"]
[Date "2024.01.02"]
[Round "10"]
[White "Iskusnyh, Sergei"]
[Black "Kopczynski, Michal"]
[Result "0-1"]
[Board "68"]
[TimeControl "180+1"]
[WhiteFideId "4120027"]
[BlackFideId "1124200"]
[WhiteElo "2660"]
[BlackElo "2514"]
[WhiteTeam "RUS"]
[BlackTeam "POL"]
[WhiteClock "0:00:27"]
[BlackClock "0:00:40"]

1. d4 Nf6 2. c4 g6 3. g3 Bg7 4. Bg2 d6 5. Nc3 O-O 6. Nf3 Nfd7 7. O-O Nc6 8. Bg5 h6 9. Be3 e5 10. Qd2 Kh7 11. dxe5 Ndxe5 12. Nxe5 Nxe5 13. b3 Rb8 14. Rad1 a6 15. Ba7 Ra8 16. Bd4 Rb8 17. Nd5 b6 18. f4 Nd7 19. Bxg7 Kxg7 20. Qc3+ Kh7 21. Nb4 Bb7 22. Bxb7 Rxb7 23. Nc6 Qf6 24. Qxf6 Nxf6 25. Rfe1 Re8 26. Kg2 b5 27. Rc1 Rb6 28. Na5 c5 29. Kf3 Ne4 30. Red1 f5 31. Rd3 b4 32. Rg1 Nc3 33. Rd2 Ne4 34. g4 Nxd2+ 35. Kf2 Ne4+ 36. Kf3 fxg4+ 37. Rxg4 Nc3 38. h4 Nxe2 0-1

[Event "January 2 Early 2024"]
[Site "https://www.chess.com"]
[Date "2024.01.02"]
[Round "10"]
[White "Kuzhylnyi, Oleksandr"]
[Black "Yashmetov, Mikhail"]
[Result "1-0"]
[Board "69"]
[TimeControl "180+1"]
[WhiteFideId "34110500"]
[BlackFideId "24198900"]
[WhiteElo "2660"]
[BlackElo "2513"]
[WhiteTeam "UKR"]
[BlackTeam "RUS"]
[WhiteClock "0:00:20"]
[BlackClock "0:00:00"]

1. b3 b6 2. Bb2 Bb7 3. e3 Nf6 4. Nf3 e6 5. c4 c5 6. g3 g6 7. Bg2 Bg7 8. O-O O-O 9. d4 d6 10. Nc3 Nc6 11. dxc5 dxc5 12. Qe2 Qe7 13. Rfd1 Rfd8 14. h3 Rxd1+ 15. Rxd1 Rd8 16. Rd2 Ne8 17. Qd1 Rxd2 18. Qxd2 Qd6 19. Qxd6 Nxd6 20. Nd2 Nb4 21. Bxb7 Nxb7 22. Ndb1 Nxa2 23. Nxa2 Bxb2 24. Kf1 Na5 25. Nd2 Kf8 26. Ke2 Ke7 27. Kd3 f5 28. Kc2 Be5 29. Nc1 Nc6 30. Nd3 Bc7 31. h4 e5 32. Nb1 e4 33. Nc1 Ne5 34. Kd2 h6 35. Nc3 Bb8 36. Ke2 Nc6 37. Nd5+ Ke6 38. Kd2 Be5 39. Ne2 Nb4 40. Nxb4 cxb4 41. Nd4+ Kd7 42. Nc2 a5 43. Nd4 Bxd4 44. exd4 g5 45. hxg5 hxg5 46. Ke3 Kc6 47. g4 fxg4 48. Kxe4 Kd6 49. Kd3 Ke6 50. Ke4 Kd6 51. Kd3 Kc6 52. Ke4 b5 53. d5+ Kc5 54. cxb5 Kxb5 55. Ke5 a4 56. bxa4+ Kxa4 57. d6 b3 58. d7 b2 59. d8=Q b1=Q 60. Qa8+ Kb3 61. Qb7+ Kc2 62. Qxb1+ Kxb1 63. Kf5 Kc2 64. Kxg4 Kd3 65. Kxg5 Ke4 66. f4 Kd5 67. f5 Kd6 68. Kg6 Kd7 69. Kg7 Ke8 70. f6 1-0